 Dungeon Crawl Stone Soup version 0.25.1-8-g42b30a86e7 (webtiles) character file.

Game seed: 7215695260302875270

854 KamiKatze the Shield-Bearer (level 8, -4/62 HPs)
             Began as a Formicid Fighter on Dec 8, 2020.
             Killed from afar by Natasha (6 damage)
             ... with a magic dart
             ... on level 4 of the Dungeon.
             The game lasted 00:21:59 (3776 turns).

KamiKatze the Shield-Bearer (Formicid Fighter)      Turns: 3776, Time: 00:22:01

Health: -4/62      AC:  9    Str: 23    XL:     8   Next: 21%
Magic:  8/8        EV: 10    Int:  8    God:
Gold:   244        SH: 15    Dex: 10    Spells: 7/7 levels left

rFire    . . .     SeeInvis +   a - +0 war axe
rCold    . . .     Gourm    .   c - +0 kite shield
rNeg     . . .     Faith    .   b - +0 scale mail
rPois    .         Spirit   .   (helmet unavailable)
rElec    .         Reflect  +   e - +0 cloak
rCorr    .         Harm     .   (no gloves)
MR       .....                  m - +0 pair of boots
Stlth    ..........             w - amulet of reflection
HPRegen  0.20/turn              (no ring)
MPRegen  0.11/turn              (no ring)

@: mighty
A: permanent stasis, dig shafts and tunnels, four strong arms, antennae 3
a: Dig, Shaft Self


You were on level 4 of the Dungeon.
You were not hungry.

You visited 1 branch of the dungeon, and saw 5 of its levels.

You collected 244 gold pieces.

Inventory:

Hand Weapons
 a - a +0 war axe (weapon)
 n - a +0 mace
 x - a +0 flail
 A - a +0 hunting sling
Missiles
 h - 221 stones (quivered)
 t - 17 poisoned darts
Armour
 b - a +0 scale mail (worn)
 c - a +0 kite shield (worn)
 e - a +0 cloak (worn)
 m - a +0 pair of boots (worn)
Jewellery
 w - an amulet of reflection (around neck)
Wands
 o - a wand of paralysis (8)
 y - a wand of acid (7)
Scrolls
 j - 2 scrolls of remove curse
 l - a scroll of fear
 q - 3 scrolls of fog
Potions
 d - a potion of might
 g - a potion of magic {unknown}
 i - a potion of brilliance {unknown}
 p - 4 potions of heal wounds {unknown}
 r - a potion of mutation {unknown}
 s - a potion of degeneration {unknown}
 u - a potion of ambrosia {unknown}
 v - 2 potions of curing {unknown}
Comestibles
 f - 6 rations
 k - 5 chunks of flesh


   Skills:
 + Level 5.1 Fighting
 * Level 5.4 Axes
 + Level 5.1 Armour
 + Level 2.7 Dodging
 + Level 5.6 Shields


You had 7 spell levels left.
You didn't know any spells.
Your spell library was empty.

Dungeon Overview and Level Annotations

Branches:
Dungeon (5/15)
 Temple: D:4-7

Altars:
Dithmenos
Elyvilon
Hepliaklqana
Uskayaw
Xom
Zin

Annotations:
D:4 Edmund, Natasha


Innate Abilities, Weirdness & Mutations

You cannot be hasted, slowed, berserked, paralysed or teleported.
You can dig through walls and to a lower floor.
Your four strong arms can wield two-handed weapons with a shield.
You have a pair of large antennae on your head. (SInv)


Message History

You block the iron imp's attack.
Natasha casts a spell.
Duvessa hits you with a cursed -2 rapier!
* * * LOW HITPOINT WARNING * * *
You slice Duvessa!!
You kill Duvessa!
Your Armour skill increases to level 5!
You slash the iron imp! Natasha casts a spell at you. The magic dart hits you.
* * * LOW HITPOINT WARNING * * *
The iron imp hits you.
* * * LOW HITPOINT WARNING * * *
You barely miss the iron imp.
The iron imp is severely wounded.
The iron imp sputters.
The iron imp barely misses you. Natasha casts a spell at you.
The magic dart hits you.
You die...

#[... ###... ####.....
#### ##.#...... ##
#..####.#.........
#.###..#.......###....
##.#.........##. ##..#
#......5.....##. #.##
#.....@)h5....#. #...
#.....#)5....##. #...
####.##.........#####.#
### .....#.........#
...#.#...###.... ..##
##...#..##. ..#
#......#. ###
###.....### #........##


You could see an iron imp (summoned), Natasha, a crimson imp (summoned) and a
white imp (summoned).

Vanquished Creatures
  Grinder (D:3)
  Duvessa (D:4)
  A centaur (D:5)
  Dowan (D:4)
  2 crimson imps
  A jelly (D:5)
  An orc priest (D:2)
  An orc wizard (D:3)
  Natasha (twice) (D:4)
  3 worker ants (D:4)
  Robin (D:2)
  4 gnolls (D:4)
  2 adders
  An ooze (D:4)
  An adder skeleton (D:4)
  2 dart slugs
  2 leopard geckos
  2 orcs
  7 bats
  5 giant cockroaches
  17 goblins
  8 hobgoblins
  6 jackals
  A quokka (D:3)
  2 ball pythons (D:1)
  10 frilled lizards
  5 kobolds
  9 rats
99 creatures vanquished.

Notes
Turn   | Place    | Note
-------+----------+-------------------------------------------
     0 | D:1      | KamiKatze the Formicid Fighter began the quest for the Orb.
     0 | D:1      | Reached XP level 1. HP: 18/18 MP: 1/1
   140 | D:1      | Reached XP level 2. HP: 24/24 MP: 2/2
   471 | D:1      | Reached XP level 3. HP: 27/29 MP: 3/3
   868 | D:2      | Noticed Robin
   876 | D:2      | Killed Robin
   879 | D:2      | Reached XP level 4. HP: 34/36 MP: 4/4
  1699 | D:2      | Reached skill level 1 in Dodging
  1699 | D:2      | Reached XP level 5. HP: 26/42 MP: 5/5
  2182 | D:3      | Reached XP level 6. HP: 34/48 MP: 6/6
  2257 | D:3      | Found a hazy altar of Hepliaklqana.
  2258 | D:3      | Found a shimmering altar of Xom.
  2258 | D:3      | Found a shadowy altar of Dithmenos.
  2260 | D:3      | Found a glowing silver altar of Zin.
  2322 | D:3      | Noticed Grinder
  2369 | D:3      | Killed Grinder
  2369 | D:3      | Reached XP level 7. HP: 33/55 MP: 7/7
  2681 | D:4      | Noticed Duvessa
  2752 | D:4      | Reached skill level 5 in Shields
  2753 | D:4      | Noticed Dowan
  3209 | D:4      | Noticed Natasha
  3224 | D:4      | Killed Natasha
  3354 | D:4      | Noticed Natasha
  3371 | D:4      | Killed Natasha
  3436 | D:4      | Noticed Edmund
  3455 | D:5      | Entered Level 5 of the Dungeon
  3457 | D:5      | Found a white marble altar of Elyvilon.
  3478 | D:5      | Found a hide-covered altar of Uskayaw.
  3680 | D:5      | Reached skill level 5 in Axes
  3757 | D:4      | Killed Dowan
  3757 | D:4      | Reached skill level 5 in Fighting
  3757 | D:4      | Reached XP level 8. HP: 52/62 MP: 8/8
  3768 | D:4      | Noticed Natasha
  3775 | D:4      | Killed Duvessa
  3775 | D:4      | Reached skill level 5 in Armour
  3775 | D:4      | HP: 2/62 [iron imp[Natasha] (6)]
  3776 | D:4      | Killed from afar by Natasha

Illustrated notes

Levels and vault maps discovered:
D:1:      dpeg_arrival_prison, layout_loops_cross
D:2:      layout_basic, chequers_arboretum, hangedman_feature_mirror, uniq_robin
D:3:      layout_basic, minitemple, uniq_grinder
D:4:      minmay_chambers_of_twos, layout_cave_pools, eino_tiny_chamber,
          uniq_natasha, uniq_edmund, uniq_duvessa
D:5:      layout_basic, elyvilon_altar_4, minmay_temple_entry_glassed_door,
          basic_altar, first_ration, serial_shops, nicolae_shop_waterfront

Skill      XL: |  1  2  3  4  5  6  7  8 |
---------------+-------------------------+-----
Shields        | 4 5 |  5.6
Axes           | 3 4 5 |  5.4
Armour         | 4 5 |  5.1
Dodging        | 1 2 |  2.7
Fighting       | 4 5 |  5.1

Action                   |  1- 3 |  4- 6 |  7- 9 || total
-------------------------+-------+-------+-------++-------
Melee: War axe           |   124 |   152 |   118 ||   394
Throw: Stone             |     1 |     5 |     4 ||    10
  Use: Scroll            |       |     6 |       ||     6
       Potion            |       |       |     1 ||     1
  Eat: Chunk             |       |     5 |     5 ||    10
Armor: Scale mail        |    55 |    40 |    35 ||   130
       Ring mail         |       |    11 |       ||    11
Dodge: Dodged            |    41 |    38 |    41 ||   120
Block: Kite shield       |    78 |    69 |    83 ||   230
       Reflection        |       |       |     3 ||     3
